 Dungeon Crawl Stone Soup version 0.27-a0-1140-g099f9bb0e8 (webtiles) character file.

Game seed: 4767460705037022898

3841 freelancePsychic the Slicer (level 10, -10/55 HPs)
             Began as a Vine Stalker Delver on May 9, 2021.
             Was a Follower of Uskayaw.
             Mangled by a boulder beetle (39 damage)
             ... on level 8 of the Dungeon.
             The game lasted 00:18:38 (7538 turns).

freelancePsychic the Slicer (Vine Stalker Delver)   Turns: 7538, Time: 00:18:39

Health: -10/55     AC: 11    Str: 17    XL:     10   Next: 18%
Magic:  0/16       EV:  9    Int:  6    God:    Uskayaw [*.....]
Gold:   156        SH:  4    Dex: 17    Spells: 9/9 levels left

rFire    . . .     SeeInvis .   h - +2 dagger (drain)
rCold    . . .     Faith    .   a - +0 buckler
rNeg     . . .     Spirit   +   D - +4 scale mail "Ynaad" {rPois Int-4 Slay+4}
rPois    +         Reflect  .   (no helmet)
rElec    .         Harm     .   (no cloak)
rCorr    .         Rampage  .   B - +0 pair of gloves
Will     +....                  (no boots)
Stlth    ++........             (no amulet)
HPRegen  1.18/turn              n - ring of poison resistance
MPRegen  0.15/turn              (no ring)

@: about to teleport
A: fangs 3, regeneration 1, magic shield, antimagic bite, no potion heal 2
a: Renounce Religion, Stomp


You were on level 8 of the Dungeon.
You worshipped Uskayaw.
Uskayaw was noncommittal.
You visited 1 branch of the dungeon, and saw 8 of its levels.

You collected 317 gold pieces.
You spent 161 gold pieces at shops.

Inventory:

Hand Weapons
 h - a +2 dagger of draining (weapon)
 r - a +2 short sword of venom
Missiles
 s - 3 curare-tipped darts (quivered)
 y - a throwing net
Armour
 a - a +0 buckler (worn)
 B - a +0 pair of gloves (worn)
 D - the +4 scale mail "Ynaad" (worn) {rPois Int-4 Slay+4}
   (You found it on level 7 of the Dungeon)

   It affects your intelligence (-4).
   It affects your accuracy and damage with ranged weapons and melee attacks
   (+4).
   It protects you from poison.
 E - a +2 cloak
Jewellery
 n - a ring of poison resistance (left hand)
 p - a ring of wizardry
 w - a ring of ice
Wands
 g - a wand of digging (3)
 v - a wand of flame (38)
 x - a wand of paralysis (12)
 G - a wand of iceblast (5)
Scrolls
 b - a scroll of identify {@r1}
 c - a scroll of fog
 d - 3 scrolls of magic mapping
 j - 4 scrolls of teleportation {@r4}
 t - a scroll of enchant armour
 u - a scroll of blinking
 F - a scroll of holy word
 H - a scroll of amnesia
Potions
 e - 2 potions of mutation {unknown}
 f - 3 potions of heal wounds {unknown}
 i - 2 potions of lignification
 k - a potion of brilliance
 l - a potion of degeneration {unknown}
 m - a potion of haste {@q3}
 o - 2 potions of curing {@q1}
 q - a potion of resistance {unknown}
 z - a potion of magic {unknown}
 A - a potion of attraction {unknown}
Miscellaneous
 C - a piece from Xom's chessboard (15/15)


   Skills:
 + Level 7.2 Fighting
 * Level 9.6 Short Blades
 - Level 1.5 Dodging
 - Level 6.0 Stealth
 + Level 6.7 Invocations


You had 9 spell levels left.
You didn't know any spells.
Your spell library contained the following spells:

 Spells                   Type           Power      Damage    Failure   Level
 Animate Skeleton         Necr           0%         N/A       97%         1
 Apportation              Tloc           0%         N/A       97%         1
 Corona                   Hex            0%         N/A       97%         1
 Pain                     Necr           0%         1d4       97%         1
 Summon Small Mammal      Summ           0%         N/A       97%         1
 Vampiric Draining        Necr           0%         2d6       100%        3
 Animate Dead             Necr           0%         N/A       100%        4
 Agony                    Necr           0%         N/A       100%        5


Dungeon Overview and Level Annotations

Branches:
Dungeon (8/15)             Temple (0/1) D:7
   Lair: D:8-11

Altars:
Elyvilon
Fedhas
Gozag
Qazlal
Ru
Uskayaw
Wu Jian
Yredelemnul

Shops:
D:1 (![:   D:3 (   D:7 (

Portals:
Abyss: D:5

Annotations:
D:5 2 transporters, mojorge's ghost, amateur DEFE


Innate Abilities, Weirdness & Mutations

You have razor-sharp teeth.
Your natural rate of healing is unusually fast.
When hurt, damage is shared between your health and your magic reserves.
Your bite disrupts and absorbs the magic of your enemies.
Potions cannot restore your health.


Message History

You bite the orc priest, but do no damage.
The orc priest is almost dead.
The orc hits you with a +0 short sword. The orc barely misses you.
You barely miss the orc priest. You bite the orc priest.
You kill the orc priest!
Something hits you. The orc hits you with a +0 short sword.
The boulder beetle is no longer sharing its pain.
The boulder beetle curls into a ball and begins rolling!
The orc is no longer sharing its pain.
The orc is no longer sharing its pain.
The boulder beetle stops rolling and uncurls.
The boulder beetle curls into a ball and begins rolling!
The boulder beetle stops rolling and uncurls.
You see here 7 stones.
You see here a scroll of noise.
You can no longer pass through a line of other dancers.
Found a golden potion.
You hear some strange, mumbled words.
Something tries to affect you, but you resist.
An orc wizard appears from thin air!
Reactivating autopickup.
The boulder beetle curls into a ball and begins rolling!
The orc wizard points at you and mumbles some strange words.
The magic dart hits you but does no damage.
You see here 27 sling bullets.
The boulder beetle hits you!!!
Ouch! That really hurt!
The boulder beetle stops rolling and uncurls.
The orc wizard gestures at itself while chanting.
The orc wizard flickers and vanishes!
Deactivating autopickup; reactivate with Ctrl-A.
The boulder beetle curls into a ball and begins rolling!
Okay, then.
Blink to where?
Press: ? - help, Dir - move target
As you read the scroll of blinking, it crumbles to dust.
As you read the scroll of teleportation {@r4}, it crumbles to dust.
You feel strangely unstable. The boulder beetle hits you!!!
Ouch! That really hurt!
You die...

## .$$ .###. .# #.# .## ..
##.....# #.# ...###.
#..#....#.# #.# .......
..#....#.# #.# .....
.......#.# #.# ###.###
#...(#.# #.##########
#.....##
#......###...........
.......#
#...B.......########
.......#########@#○....#.#
..B.○°°○.........#..)..#.#
########..########B.####.#
.........(.{...°°.# #.#
##########.#####°## #.#
#.#<..#.#####.#
#.#.###.§...#.#
#.#.#######.#.#
#.#.........#..


You could see a boulder beetle (rolling).

Vanquished Creatures
  A manticore (D:8)
  A troll (D:8)
  Sigmund (D:2)
  A wyvern (D:8)
  2 steam dragons
  Edmund (D:5)
  2 swamp worms (D:7)
  An orc warrior (D:8)
  3 black bears
  5 ogres
  4 centaurs
  A phantom (D:7)
  2 bullfrogs
  2 scorpions (D:6)
  A wyvern zombie (D:7)
  2 water moccasin zombies
  A wyvern skeleton (D:6)
  3 killer bees (D:7)
  A jelly (D:6)
  A bullfrog skeleton (D:7)
  2 centaur skeletons
  A hound (D:7)
  3 orc priests
  2 iguanas
  Ijyb (D:5)
  3 orc wizards
  A killer bee zombie (D:7)
  A hound zombie (D:5)
  2 howler monkey zombies (D:7)
  9 adders
  A shadow imp (D:6)
  A white imp (D:5)
  An adder skeleton (D:4)
  A worm (D:2)
  4 dart slugs
  21 orcs
  7 ball pythons
  4 endoplasms
  4 giant cockroaches
  7 goblins
  4 hobgoblins
  6 jackals (D:1)
  A quokka (D:3)
  A bat (D:2)
  4 frilled lizards
  8 kobolds
  6 rats
142 creatures vanquished.

Vanquished Creatures (others)
  3 plants (D:7)
3 creatures vanquished.

Grand Total: 145 creatures vanquished

Notes
Turn   | Place    | Note
-------+----------+-------------------------------------------
     0 | D:5      | freelancePsychic the Vine Stalker Delver began the quest
                  | for the Orb.
     0 | D:5      | Reached XP level 1. HP: 11/11 MP: 2/2
    33 | D:2      | Found a basalt altar of Yredelemnul.
    40 | D:2      | Reached skill level 2 in Short Blades
    75 | D:2      | Noticed Sigmund
   362 | D:1      | Reached XP level 2. HP: 4/16 MP: 0/3
   663 | D:1      | Found Dumo's Antique Weapon Shop.
   789 | D:1      | Found Enuthry's Antique Armour Shoppe.
   862 | D:1      | Found Asill's Distillery.
   887 | D:1      | Reached XP level 3. HP: 18/20 MP: 4/4
   919 | D:1      | Found Zykiun's Book Emporium.
  1261 | D:1      | Found a faded altar of an unknown god.
  1554 | D:3      | Reached skill level 3 in Short Blades
  1743 | D:3      | Found Wito's Antique Weapon Emporium.
  1998 | D:3      | Gained mutation: Your natural rate of healing is unusually
                  | fast. [Vine Stalker growth]
  1998 | D:3      | Reached XP level 4. HP: 17/24 MP: 5/5
  2314 | D:3      | Found a hide-covered altar of Uskayaw.
  2314 | D:3      | Found a white marble altar of Elyvilon.
  2318 | D:3      | Became a worshipper of Uskayaw the Reveller
  2348 | D:3      | Reached * piety under Uskayaw
  2363 | D:3      | Noticed a bullfrog
  2369 | D:3      | Killed a bullfrog
  2369 | D:3      | Reached ** piety under Uskayaw
  2370 | D:3      | Reached skill level 1 in Invocations
  2370 | D:3      | Reached XP level 5. HP: 25/28 MP: 6/6
  2691 | D:4      | Reached skill level 4 in Short Blades
  2732 | D:4      | Noticed an ogre
  2744 | D:4      | Killed an ogre
  2745 | D:4      | Reached XP level 6. HP: 33/33 MP: 6/8
  3087 | D:4      | Reached skill level 5 in Short Blades
  3087 | D:4      | Reached XP level 7. HP: 37/37 MP: 9/9
  3413 | D:5      | Found a transporter.
  3419 | D:5      | Found a transporter.
  3501 | D:5      | Noticed Edmund
  3511 | D:5      | Reached *** piety under Uskayaw
  3512 | D:5      | Killed Edmund
  3538 | D:5      | Found a one-way gate to the infinite horrors of the Abyss.
  3538 | D:5      | Noticed mojorge's ghost (amateur DEFE)
  4093 | D:5      | Noticed Ijyb
  4096 | D:5      | Paralysed by Ijyb for 4 turns
  4117 | D:5      | Killed Ijyb
  4191 | D:5      | Reached skill level 6 in Short Blades
  4560 | D:2      | Killed Sigmund
  4561 | D:2      | Reached skill level 5 in Fighting
  4561 | D:2      | Gained mutation: You have razor-sharp teeth. [Vine Stalker
                  | growth]
  4561 | D:2      | Reached XP level 8. HP: 43/43 MP: 11/11
  5009 | D:5      | Found a sacrificial altar of Ru.
  5009 | D:5      | Found a blossoming altar of Fedhas.
  5125 | D:6      | Reached skill level 7 in Short Blades
  5807 | D:6      | Reached XP level 9. HP: 41/48 MP: 13/13
  5982 | D:1      | Bought a translucent dagger for 161 gold pieces
  5982 | D:1      | Identified the +6 dagger of Forced Transition {antimagic,
                  | rN++ Str+4 Int-4} (You bought it in a shop on level 1 of
                  | the Dungeon)
  6146 | D:6      | Reached skill level 5 in Invocations
  6284 | D:7      | Reached **** piety under Uskayaw
  6291 | D:7      | Found an ornate altar of the Wu Jian Council.
  6312 | D:7      | Reached skill level 8 in Short Blades
  6537 | D:7      | Found Wedumaj's Antique Weapon Boutique.
  6571 | D:7      | Identified the +4 scale mail "Ynaad" {rPois Int-4 Slay+4}
  6777 | D:7      | Found a staircase to the Ecumenical Temple.
  6952 | D:7      | Found a stormy altar of Qazlal.
  6954 | D:7      | Found an opulent altar of Gozag.
  7169 | D:8      | Reached skill level 9 in Short Blades
  7439 | D:8      | Reached XP level 10. HP: 53/53 MP: 15/15
  7462 | D:8      | Noticed a manticore
  7479 | D:8      | Noticed a boulder beetle
  7481 | D:8      | Killed a manticore
  7538 | D:8      | Mangled by a boulder beetle

Illustrated notes

Levels and vault maps discovered:
D:1:      minmay_arrival_open_corners, layout_rooms, serial_shops, shop,
          nicolae_shop_behind_doors, shop, shop,
          shapermc_ecumenical_altar_notcrosses
D:2:      layout_basic, basic_altar, minivault_25, uniq_sigmund
D:3:      kennysheep_six_static_rooms, layout_loops_corners,
          gammafunk_temple_overflow_wave, serial_shops, shop,
          nrook_mini_backslash
D:4:      layout_loops_ring, grunt_ministairs_5
D:5:      layout_loops_corners, gammafunk_temple_overflow_pools,
          gammafunk_ghost_abyssal_escape, uniq_edmund, uniq_ijyb
D:6:      layout_loops_corners, minivault_22
D:7:      layout_loops_ring, lemuel_tele_altar, minitemple,
          minmay_temple_entry_sparse_star, serial_shops, shop,
          grunt_ministairs_7, hellmonk_bongcloud_opening, worms_lemuel
D:8:      minmay_curly_fans, layout_basic, lemuel_doored_altar,
          nicolae_overflow_crystal_walls, serial_corexii_hall,
          chequers_hall_statues_corner_a, corexii_hall_statues_s,
          grunt_ministairs_8

Skill      XL: |  1  2  3  4  5  6  7  8  9 10 |
---------------+-------------------------------+-----
Short Blades   | 2 3 4 5 6 7 9 |  9.6
Fighting       | 3 4 5 6 7 |  7.2
Invocations    | 1 2 3 4 6 |  6.7
Dodging        | |  1.5
Stealth        | |  6.0

Action                   |  1- 3 |  4- 6 |  7- 9 | 10-12 || total
-------------------------+-------+-------+-------+-------++-------
Melee: Short sword       |   121 |    28 |       |       ||   149
       Bite              |    31 |    25 |   121 |     9 ||   186
       Dagger            |       |    57 |   343 |    13 ||   413
Throw: Dart              |       |     8 |     8 |       ||    16
Invok: Line Pass         |       |       |     1 |       ||     1
  Use: Scroll            |     1 |     6 |     3 |     2 ||    12
       Potion            |     1 |       |       |       ||     1
 Stab: Sleeping          |     1 |       |     1 |       ||     2
       Paralysed         |       |       |     4 |     1 ||     5
Armor: Leather armour    |     4 |       |       |       ||     4
       Chain mail        |    50 |    28 |   110 |       ||   188
       Scale mail        |       |       |    16 |     7 ||    23
Dodge: Dodged            |    46 |    22 |    82 |     6 ||   156
Block: Buckler           |       |     4 |    45 |     4 ||    53

Table legend: (Time is in decaauts)
 A = Elapsed time spent in this place.
 B = Non-inter-level travel time spent in this place.
 C = Inter-level travel time spent in this place.
 D = Time resting spent in this place.
 E = Time spent auto-exploring this place.
 F = Levels seen in this place.
 G = Mean time per level.
                   A        B        C        D        E       F      G
               +--------+--------+--------+--------+--------+-----+--------+
         Total |   7430 |   6766 |    664 |    712 |   4778 |   8 |  928.8 |
       Dungeon |   7430 |   6766 |    664 |    712 |   4778 |   8 |  928.8 |
               +--------+--------+--------+--------+--------+-----+--------+

Top non-repeatable levels by time:
     D:3: 1295 daAuts
     D:5: 1154 daAuts
     D:7: 1061 daAuts
     D:1: 1043 daAuts
     D:6: 927 daAuts
     D:2: 877 daAuts
     D:4: 812 daAuts
     D:8: 258 daAuts
